AoeStats
← Julian

Arena

507490195Analyzed
4v4 RM · 14d ago on Sep 18, 2026· 41m 13s· 8 players
Game mode
Random Map
Map size
Large (8 player)
Population
200
Speed
Normal
Resources
Standard
Victory
Conquest
Starting age
Dark Age
Ending age
Imperial Age
RankedLock teamsTeams togetherTeam positionsShared explorationLock speedFull tech treeHidden civsTurbo modeCheats
Victory
Defeat
🇦🇷 Koreans · Argentina
1281
+12
1244
+14
🇧🇷 Huns · Brazil
1239
+14
🇨🇱 Ethiopians · Chile
1217
+15
🇦🇺 Berbers · Australia
1283
-16
🇨🇳 Khmer · China
1190
-14
🇹🇼 Huns · Taiwan
1171
-13
🇹🇼 Byzantines · Taiwan
1151
-12
Lucia Galan
10:47 Feudal Age
15:10 Castle Age
14:29 Double-Bit Axe
16:18 Fletching
18:02 Loom
23:48 Bodkin Arrow
24:59 Wheelbarrow
27:28 Padded Archer Armor
27:55 Crossbowman
28:40 Thumb Ring
29:25 Leather Archer Armor
36:42 Imperial Age
34:58 Ballistics
34:29 Horse Collar
38:27 Chemistry
37:28 Bracer
36:58 Arbalester
38:01 Gold Mining
38:46 Leather Archer Armor
40:39 Ring Archer Armor
41:35 Town Watch
42:05 Hand Cart
Nightmare
10:00 Feudal Age
11:26 Town Watch
14:13 Castle Age
12:21 Double-Bit Axe
12:36 Horse Collar
15:10 Bow Saw
15:18 Heavy Plow
21:22 Wheelbarrow
21:47 Stone Mining
21:53 Loom
22:59 Hand Cart
23:35 Gold Mining
26:10 Fletching
28:52 Imperial Age
27:04 Gold Shaft Mining
27:04 Stone Shaft Mining
27:00 Bodkin Arrow
28:25 Ballistics
27:47 Treadmill Crane
30:12 Conscription
29:56 Bracer
30:57 Chemistry
30:47 Arrowslits
31:59 Heavy Rocket Cart
33:43 Siege Engineers
33:42 Eupseong
33:59 Scale Mail Armor
34:09 Forging
35:12 Pikeman
35:53 Squires
36:09 Chain Mail Armor
35:57 Halberdier
38:28 Shinkichon
40:13 Two-Man Saw
39:28 Murder Holes
39:44 Masonry
我知道你很急 但我不急
11:56 Feudal Age
15:46 Castle Age
16:50 Horse Collar
25:36 Gold Mining
25:36 Stone Mining
25:34 Loom
27:22 Wheelbarrow
28:19 Treadmill Crane
31:36 Imperial Age
29:17 Heavy Plow
30:55 Hand Cart
30:49 Scale Barding Armor
32:09 Chain Barding Armor
32:00 Forging
32:36 Conscription
32:18 Howdah
32:59 Gold Shaft Mining
32:48 Bloodlines
33:35 Husbandry
33:09 Elite Battle Elephant
36:18 Plate Barding Armor
36:18 Iron Casting
37:53 Crop Rotation
38:33 Blast Furnace
39:17 Ballistics
39:58 Chemistry
39:04 Siege Engineers
39:10 Masonry
39:11 Fortified Wall
frantiescolucas
9:29 Feudal Age
8:17 Loom
13:48 Castle Age
12:24 Double-Bit Axe
18:42 Horse Collar
20:05 Bow Saw
21:18 Wheelbarrow
21:23 Heavy Plow
22:37 Gold Mining
23:38 Hand Cart
25:45 Gold Shaft Mining
28:24 Imperial Age
26:44 Town Watch
27:38 Fletching
27:53 Scale Barding Armor
28:44 Bodkin Arrow
29:54 Chain Barding Armor
29:44 Husbandry
29:55 Bloodlines
31:08 Chemistry
31:01 Parthian Tactics
30:44 Thumb Ring
31:05 Bracer
32:08 Ballistics
31:41 Light Cavalry
33:04 Heavy Cavalry Archer
33:42 Stone Mining
36:29 Conscription
36:11 Marauders
37:39 Plate Barding Armor
37:14 Forging
37:02 Elite Tarkan
39:01 Two-Man Saw
TingA
8:27 Loom
11:10 Feudal Age
12:00 Double-Bit Axe
14:09 Fletching
21:20 Castle Age
19:23 Stone Mining
20:39 Gold Mining
22:24 Bow Saw
25:06 Horse Collar
27:54 Wheelbarrow
28:28 Elite Skirmisher
30:06 Heavy Plow
33:51 Imperial Age
34:23 Thumb Ring
36:51 Hoardings
36:37 Bodkin Arrow
37:08 Padded Archer Armor
39:01 Bracer
39:28 Hand Cart
40:13 Pikeman
41:27 Squires
Julian
10:59 Feudal Age
12:34 Wheelbarrow
12:32 Horse Collar
16:06 Castle Age
15:19 Double-Bit Axe
18:15 Heavy Plow
18:27 Bow Saw
19:44 Town Watch
21:29 Stone Mining
23:01 Hand Cart
22:45 Gold Mining
24:04 Stone Shaft Mining
24:33 Gold Shaft Mining
23:55 Loom
26:55 Bloodlines
31:03 Imperial Age
29:15 Forging
29:13 Scale Barding Armor
29:24 Town Patrol
29:51 Husbandry
29:59 Thumb Ring
31:08 Iron Casting
32:17 Chain Barding Armor
31:19 Cavalier
33:03 Conscription
33:30 Crop Rotation
32:49 Treadmill Crane
34:10 Chemistry
33:07 Murder Holes
34:24 Blast Furnace
34:49 Plate Barding Armor
34:27 Fletching
35:15 Ballistics
35:06 Masonry
34:23 Light Cavalry
37:51 Conscription
37:38 Kasbah
小小吸管
12:19 Feudal Age
14:13 Loom
17:06 Castle Age
15:24 Double-Bit Axe
16:35 Horse Collar
20:59 Bow Saw
21:02 Scale Barding Armor
21:09 Forging
22:47 Chain Barding Armor
25:29 Wheelbarrow
25:35 Husbandry
27:36 Fletching
28:58 Gold Mining
29:08 Bodkin Arrow
29:57 Iron Casting
34:08 Gold Shaft Mining
34:10 Marauders
40:27 Imperial Age
38:47 Bloodlines
39:24 Masonry
Rod1990
8:07 Loom
10:07 Feudal Age
10:45 Double-Bit Axe
10:52 Horse Collar
15:19 Castle Age
15:03 Gold Mining
17:24 Wheelbarrow
17:05 Bow Saw
18:04 Stone Mining
24:41 Heavy Plow
30:10 Imperial Age
28:13 Hand Cart
27:57 Town Watch
30:50 Gold Shaft Mining
30:51 Stone Shaft Mining
30:52 Ballistics
31:42 Conscription
31:23 Double Crossbow
33:00 Chemistry
34:10 Scale Barding Armor
34:16 Forging
34:55 Husbandry
35:06 Bloodlines
34:16 Light Cavalry
38:07 Elite Ballista Elephant
Connection lost

Rejoining the realm…

Still unreachable

The connection could not be restored.

Session expired

The server has moved on; the page needs a fresh start.